 Dungeon Crawl Stone Soup version 0.28-a0-1084-ga282ea246d (webtiles) character file.

Game seed: 1807748314704474640

17946 Astera the Eclecticist (level 12, -1/52 HPs)
             Began as a Spriggan Earth Elementalist on Nov 28, 2021.
             Was an Initiate of Gozag.
             Shot with a bolt by an orc knight (18 damage)
             ... on level 2 of the Orcish Mines on Dec 10, 2021.
             The game lasted 02:00:49 (24193 turns).

Astera the Eclecticist (SpEE)                      Turns: 24193, Time: 02:00:49

Health: -1/52      AC:  4    Str:  4    XL:     12   Next: 23%
Magic:  17/32      EV: 18    Int: 26    God:    Gozag
Gold:   3758       SH:  0    Dex: 16    Spells: 31/41 levels left

rFire   . . .      SeeInvis +   i - staff of earth
rCold   . . .      Faith    .   (shield currently unavailable)
rNeg    + . .      Spirit   .   x - +1 robe {rN+}
rPois   .          Reflect  .   (helmet restricted)
rElec   .          Harm     .   c - +0 cloak
rCorr   .          Rampage  .   (gloves unavailable)
Will    ++...                   (boots unavailable)
Stlth   +++.......              (no amulet)
HPRegen 0.17/turn               l - +6 ring of intelligence
MPRegen 0.23/turn               (no ring)

@: gold aura, very quick
A: very small, no large weapons, unfitting armour, see invisible, speed 3
a: Renounce Religion, Potion Petition, Call Merchant, Bribe Branch


You were on level 2 of the Orcish Mines.
You worshipped Gozag.
Gozag was most pleased with you.
You visited 2 branches of the dungeon, and saw 13 of its levels.
You also visited: Sewer and Ossuary.

You collected 3758 gold pieces.

Inventory:

Hand Weapons
 g - a +1 dagger of flaming
 r - the +7 Singing Sword {vorpal, sonic wave}
   (You took it off an orc on level 5 of the Dungeon)

   It inflicts extra damage upon your enemies.
   It radiates damaging sonic waves as it strikes, especially in combat
   involving dangerous or numerous foes.
Missiles
 b - 59 stones
 A - 6 silver boomerangs
 D - a curare-tipped dart
Armour
 c - a +0 cloak (worn)
 x - a +1 robe of positive energy (worn)
 J - a +2 robe
Magical Staves
 i - a staff of earth (weapon)
Jewellery
 d - a ring of fire
 l - a +6 ring of intelligence (left hand)
Wands
 y - a wand of digging (5)
 z - a wand of polymorph (12)
 B - a wand of iceblast (9)
 I - a wand of paralysis (5)
Scrolls
 f - 2 scrolls of fear
 k - a scroll of blinking {unknown}
 n - 4 scrolls of fog
 q - 5 scrolls of magic mapping
 t - 2 scrolls of enchant weapon
 w - 3 scrolls of vulnerability
 F - a scroll of teleportation
 G - a scroll of summoning {unknown}
 H - 3 scrolls of identify
Potions
 a - 3 potions of magic
 e - a potion of resistance
 h - 4 potions of curing
 j - 2 potions of heal wounds
 m - a potion of flight
 o - 2 potions of attraction
 p - a potion of might
 s - 3 potions of mutation
 u - 3 potions of haste
 v - a potion of lignification
 C - a potion of brilliance
 E - a potion of ambrosia {unknown}


   Skills:
 + Level 0.8 Fighting
 + Level 0.5 Short Blades
 - Level 0.3 Staves
 + Level 3.7 Dodging
 + Level 6.7 Stealth
 + Level 15.2 Spellcasting
 + Level 5.8 Conjurations
 + Level 4.7 Transmutations
 + Level 11.7 Earth Magic
 - Level 1.3 Evocations


You had 31 spell levels left.
You knew the following spells:

 Your Spells              Type           Power      Damage    Failure   Level
a - Sandblast             Erth           100%       2d20      1%          1
b - Passwall              Tmut/Erth      63%        N/A       1%          2
c - Stone Arrow           Conj/Erth      100%       3d13      1%          3
d - Petrify               Tmut/Erth      76%        N/A       1%          4

Your spell library contained the following spells:

 Spells                   Type           Power      Damage    Failure   Level
 Shock                    Conj/Air       100%       1d9       1%          1
 Sting                    Tmut/Pois      100%       1d8       1%          1
 Static Discharge         Conj/Air       35%        N/A       1%          2
 Poisonous Vapours        Pois/Air       38%        N/A       4%          2
 Sublimation of Blood     Necr           19%        N/A       4%          2
 Sticky Flame             Conj/Fire      35%        2d5       8%          4
 Swiftness                Air            19%        N/A       9%          3
 Tukima's Dance           Hex            19%        N/A       9%          3
 Irradiate                Conj/Tmut      23%        3d21      9%          5
 Airstrike                Air            9%         N/A       26%         4
 Dispel Undead            Necr           19%        3d11      26%         4
 Olgreb's Toxic Radiance  Pois           19%        N/A       26%         4
 Passage of Golubria      Tloc           19%        N/A       26%         4
 Yara's Violent Unravell  Hex/Tmut       16%        3d8       28%         5
 Silence                  Hex/Air        9%         N/A       58%         5
 Lehudib's Crystal Spear  Conj/Erth      39%        10d10     99%         8


Dungeon Overview and Level Annotations

Branches:
Dungeon (11/15)            Temple (0/1) D:6            Lair (0/6) D:10
    Orc (2/2) D:9             Elf (0/3) Orc:2         Sewer (visited)
Ossuary (visited)

Altars:
Ashenzari
Dithmenos
Elyvilon
Gozag
Nemelex Xobeh
Qazlal
Trog
Vehumet
Xom
Yredelemnul
Zin
The Shining One


Innate Abilities, Weirdness & Mutations

You are very small and have problems with some larger weapons.
You are too small for most types of armour.
You have supernaturally acute eyesight. (SInv)
You cover ground extremely quickly. (Speed+++)


Message History

You can't see any susceptible monsters within range! (Use Z to cast anyway.)
You feel a surge of power!
The stone arrow hits the orc warrior!!
You kill the orc warrior!
The orc warrior shouts!
You feel a surge of power!
The stone arrow hits the orc warrior!
The orc warrior is moderately wounded.
The orc warrior is no longer distracted by gold.
You feel a surge of power!
The stone arrow hits the orc warrior!
The orc warrior is severely wounded.
You feel a surge of power!
The stone arrow hits the orc warrior!
You kill the orc warrior!
You can't see any susceptible monsters within range! (Use Z to cast anyway.)
You feel a surge of power!
The stone arrow hits the orc!!
You kill the orc!
You feel a surge of power!
The stone arrow hits the orc!!
You kill the orc!
An orc knight comes into view. It is wielding a +0 glaive.
You can't see any susceptible monsters within range! (Use Z to cast anyway.)
You start resting.
A centaur comes into view.
You can't see any susceptible monsters within range! (Use Z to cast anyway.)
You can't see any susceptible monsters within range! (Use Z to cast anyway.)
You feel a surge of power!
The stone arrow hits the centaur!!
You kill the centaur!
The orc knight shouts!
The orc knight unwields a +0 glaive.
The orc knight wields a +0 arbalest.
The orc knight shoots a bolt.
The bolt closely misses you.
You start resting.
An orc knight is nearby!
You can't see any susceptible monsters within range! (Use Z to cast anyway.)
The orc knight shoots a bolt.
The bolt closely misses you.
You can't see any susceptible monsters within range! (Use Z to cast anyway.)
The orc knight shoots a bolt.
The bolt hits you!!
You feel a surge of power!
The stone arrow hits the orc warrior!
The orc warrior is heavily wounded.
The orc warrior unwields a +0 glaive.
The orc warrior wields a +0 arbalest.
The orc warrior shoots a bolt.
The bolt hits you!
The orc knight shoots a bolt.
The bolt hits you!!
You die...
Your body crumbles into a pile of gold.

.##.##########
..$..##.##
$........#
...#.##.## ..#######
...###############
.................##
..................##
###...##..##..##@..#
# #≈≈..........##..#
# #≈≈≈..$.......#..#
#*##≈≈≈≈...........#
*∩*###≈≈≈≈.....o#..#
,,,**##≈≈≈≈.....#o.#
,∩,,,,.......$.....#
,∩,,,,.ooo.........#
,,,****≈≈≈≈.....#..#


You could see an orc knight.

Vanquished Creatures
  A hydra (D:8)
  4 two-headed ogres
  3 orc sorcerers (Orc:1)
  A manticore (D:8)
  An efreet (D:8)
  3 trolls
  Prince Ribbit (D:7)
  3 wraiths
  10 yaks
  2 wyverns
  A steam dragon (D:9)
  A warg (Orc:1)
  Menkaure (D:7)
  An acid dragon (D:9)
  2 water moccasins (D:6)
  30 orc warriors
  A black bear (D:5)
  An ogre (Orc:1)
  An ice beast (D:8)
  11 centaurs
  3 kobold brigands
  2 bullfrogs
  A wyvern zombie (D:7)
  5 gnoll sergeants
  8 scorpions
  19 killer bees
  9 wights (D:8)
  5 electric eels
  A bullfrog zombie (D:6)
  8 centaur zombies
  3 howler monkeys
  A hound (D:6)
  3 gnoll shamans
  13 orc priests
  2 bullfrog skeletons (D:6)
  Terence (D:3)
  4 iguanas (D:5)
  19 orc wizards
  A killer bee zombie (D:5)
  2 hound skeletons
  4 mummies (Ossuary)
  A howler monkey zombie (D:8)
  Robin (D:2)
  7 adders
  18 gnolls
  A howler monkey skeleton (D:7)
  A river rat (Sewer)
  2 shadow imps
  An ufetubus (D:5)
  2 dart slugs
  73 orcs
  3 ball pythons (D:2)
  14 bats
  8 endoplasms
  A gnoll zombie (Ossuary)
  9 hobgoblins
  2 jackals (Sewer)
  5 quokkas
  3 frilled lizards
  13 goblins
  2 goblin zombies (Ossuary)
  10 kobolds
  A kobold zombie (Ossuary)
  An orc zombie (Ossuary)
  4 rats
376 creatures vanquished.

Vanquished Creatures (others)
  12 fungi (D:5)
  10 plants (D:7)
22 creatures vanquished.

Grand Total: 398 creatures vanquished

Notes
Turn   | Place    | Note
-------+----------+-------------------------------------------
     0 | D:1      | Astera the Spriggan Earth Elementalist began the quest for
                  | the Orb.
     0 | D:1      | Reached XP level 1. HP: 9/9 MP: 5/5
   226 | D:1      | Found a faded altar of an unknown god.
   233 | D:1      | Prayed at the altar of an unknown god.
   233 | D:1      | Became a worshipper of Gozag Ym Sagoz the Greedy
   285 | D:1      | Reached XP level 2. HP: 13/13 MP: 3/6
   949 | D:2      | Reached XP level 3. HP: 7/16 MP: 5/8
  1275 | D:2      | Noticed Robin
  1284 | D:2      | Reached skill level 3 in Spellcasting
  1497 | D:2      | Killed Robin
  1877 | D:2      | Reached XP level 4. HP: 15/21 MP: 6/9
  2235 | D:3      | Learned a level 2 spell: Passwall
  2239 | D:3      | Learned a level 3 spell: Stone Arrow
  3153 | D:3      | Noticed Terence
  3184 | D:3      | Killed Terence
  3435 | D:3      | Found a white marble altar of Elyvilon.
  3435 | D:3      | Found a glowing silver altar of Zin.
  3435 | D:3      | Found a glowing golden altar of the Shining One.
  3436 | D:3      | Upgraded the game from 0.28-a0-938-gbc3f381ebc to
                  | 0.28-a0-987-g8383568036
  3522 | D:4      | Reached XP level 5. HP: 24/24 MP: 8/11
  4364 | D:5      | Entered Level 5 of the Dungeon
  4635 | D:5      | Reached skill level 5 in Earth Magic
  4768 | D:5      | Found a glowing drain.
  4871 | Sewer    | Entered a sewer
  5211 | Sewer    | Reached skill level 4 in Spellcasting
  5503 | Sewer    | HP: 1/24 [poisoned by a kobold brigand]
  5942 | Sewer    | Reached XP level 6. HP: 28/28 MP: 7/13
  6006 | Sewer    | Found a white marble altar of Elyvilon.
  6331 | D:5      | Found a sparkling altar of Nemelex Xobeh.
  6331 | D:5      | Found a stormy altar of Qazlal.
  6331 | D:5      | Found a radiant altar of Vehumet.
  6331 | D:5      | Found a shimmering altar of Xom.
  6331 | D:5      | Found a broken altar of Ashenzari.
  6457 | D:5      | Found a basalt altar of Yredelemnul.
  6457 | D:5      | Found an opulent altar of Gozag.
  6827 | D:5      | Reached skill level 5 in Spellcasting
  6832 | D:5      | Reached XP level 7. HP: 32/32 MP: 11/15
  7025 | D:5      | Noticed a wraith
  7067 | D:5      | Killed a wraith
  7209 | D:5      | Reached skill level 6 in Spellcasting
  7327 | D:5      | Learned a level 4 spell: Petrify
  7519 | D:5      | Reached XP level 8. HP: 26/36 MP: 10/18
  7766 | D:5      | Reached skill level 1 in Conjurations
  8216 | D:6      | Reached skill level 7 in Spellcasting
  8242 | D:6      | Found a staircase to the Ecumenical Temple.
  8250 | D:6      | Identified a scroll of acquirement
  8250 | D:6      | Acquired a staff of earth
  8404 | D:6      | Reached skill level 8 in Spellcasting
  8539 | D:6      | Found a sand-covered staircase.
  8543 | Ossuary  | Entered an ossuary
  8726 | Ossuary  | Reached skill level 5 in Stealth
  9379 | D:6      | Reached XP level 9. HP: 22/39 MP: 19/22
 10275 | D:7      | Noticed Menkaure
 10646 | D:7      | Reached skill level 9 in Spellcasting
 10840 | D:7      | Killed Menkaure
 10992 | D:7      | Reached skill level 1 in Evocations
 11811 | D:7      | Noticed Prince Ribbit
 11822 | D:7      | Reached skill level 10 in Spellcasting
 12657 | D:7      | Killed Prince Ribbit
 12658 | D:7      | Reached XP level 10. HP: 44/44 MP: 12/25
 12996 | D:8      | Noticed a two-headed ogre
 13032 | D:7      | Reached skill level 11 in Spellcasting
 13286 | D:8      | Found a shadowy altar of Dithmenos.
 13402 | D:8      | Found a bloodstained altar of Trog.
 13541 | D:8      | Killed a two-headed ogre
 13956 | D:8      | Noticed a two-headed ogre
 14154 | D:8      | Reached skill level 10 in Earth Magic
 14310 | D:8      | Noticed a manticore
 14397 | D:8      | Killed a manticore
 14398 | D:8      | Reached skill level 12 in Spellcasting
 14714 | D:8      | Upgraded the game from 0.28-a0-987-g8383568036 to
                  | 0.28-a0-991-g956f0ee3d5
 14925 | D:8      | Killed a two-headed ogre
 15992 | D:9      | Noticed a five-headed hydra
 16003 | D:8      | Killed a five-headed hydra
 16004 | D:8      | Reached XP level 11. HP: 21/48 MP: 14/28
 16297 | D:9      | Noticed a two-headed ogre
 16484 | D:9      | Killed a two-headed ogre
 16485 | D:9      | Reached skill level 13 in Spellcasting
 18163 | D:9      | Found a staircase to the Orcish Mines.
 18225 | D:10     | Entered Level 10 of the Dungeon
 18445 | D:10     | Upgraded the game from 0.28-a0-991-g956f0ee3d5 to
                  | 0.28-a0-998-gb9e9c7b67e
 18796 | D:10     | Found a staircase to the Lair.
 19007 | D:10     | Reached skill level 14 in Spellcasting
 19697 | D:11     | Reached skill level 5 in Conjurations
 20157 | D:11     | Noticed a two-headed ogre
 20171 | D:10     | Killed a two-headed ogre
 20333 | Orc:1    | Entered Level 1 of the Orcish Mines
 20772 | Orc:1    | Noticed an orc sorcerer
 20778 | Orc:1    | Killed an orc sorcerer
 21154 | Orc:1    | Noticed an orc sorcerer
 21354 | Orc:1    | Noticed an orc sorcerer
 21365 | Orc:1    | Killed an orc sorcerer
 21480 | Orc:1    | Reached XP level 12. HP: 52/52 MP: 19/31
 21697 | Orc:2    | Entered Level 2 of the Orcish Mines
 22297 | Orc:2    | Reached skill level 15 in Spellcasting
 23841 | Orc:2    | Upgraded the game from 0.28-a0-998-gb9e9c7b67e to
                  | 0.28-a0-1084-ga282ea246d
 24193 | Orc:2    | Shot with a bolt by an orc knight

Illustrated notes

Levels and vault maps discovered:
D:1:      minmay_arrival_nine_rooms, layout_loops_ring,
          ebering_ecumenical_altar_mist
D:2:      minmay_angry_zag, layout_basic, uniq_robin
D:3:      layout_loops_corners, good_gods_mini_temple, uniq_terence
D:4:      layout_loops_corners
D:5:      old_forge, layout_basic, grunt_temple_overflow_open,
          portal_sewer_entry_f, minmay_bent
D:6:      layout_cave_pools, minmay_temple_entry_slanted, enter_ossuary_5
D:7:      layout_gridville, chequers_big_river, hangedman_decor_opposing,
          uniq_prince_ribbit1, uniq_menkaure
D:8:      kennysheep_windowed_halls, layout_basic,
          nicolae_dithmenos_shadow_blocks, mainiacjoe_overflow_small_starburst
D:9:      layout_rooms, david_orc_4, kennysheep_potato
D:10:     layout_gridville, lair_entry_dummy, kennysheep_path_1, st_stairs_14
D:11:     layout_basic, uniq_nergalle
Orc:1:    layout_diamond_mine, uniq_fannar, uniq_harold
Orc:2:    st_orc_rangers, layout_caves, portal_ice_cave_demonic_guard

Skill      XL: |  1  2  3  4  5  6  7  8  9 10 11 12 |
---------------+-------------------------------------+-----
Earth Magic    | 3 4 5 7 8 9 10 11 | 11.7
Spellcasting   | 3 4 5 6 8 10 12 14 15 | 15.2
Stealth        | 4 5 6 |  6.7
Dodging        | 3 |  3.7
Conjurations   | 1 2 4 5 |  5.8
Transmutations | 2 3 4 |  4.7
Evocations     | 1 |  1.3
Fighting       | |  0.8
Short Blades   | |  0.5
Staves         | |  0.3

Action                   |  1- 3 |  4- 6 |  7- 9 | 10-12 || total
-------------------------+-------+-------+-------+-------++-------
Melee: Dagger            |    22 |    36 |     9 |       ||    67
       Staff             |       |       |     6 |     3 ||     9
 Cast: Sandblast         |    41 |    99 |   165 |    30 ||   335
       Stone Arrow       |       |     2 |    58 |   350 ||   410
       Petrify           |       |       |    10 |    34 ||    44
  Use: Scroll            |       |     5 |     4 |     8 ||    17
       Potion            |       |     1 |       |       ||     1
 Stab: Sleeping          |       |     5 |       |       ||     5
       Petrified         |       |       |     5 |       ||     5
Armor: Robe              |     4 |     5 |     3 |    14 ||    26
Dodge: Dodged            |    21 |    43 |    38 |   130 ||   232

Table legend: (Time is in decaauts)
 A = Elapsed time spent in this place.
 B = Non-inter-level travel time spent in this place.
 C = Inter-level travel time spent in this place.
 D = Time resting spent in this place.
 E = Time spent auto-exploring this place.
 F = Levels seen in this place.
 G = Mean time per level.
                   A        B        C        D        E       F      G
               +--------+--------+--------+--------+--------+-----+--------+
         Total |  19775 |  19283 |    492 |   9552 |   3726 |  15 | 1318.3 |
       Dungeon |  15241 |  14761 |    480 |   6822 |   3404 |  11 | 1385.5 |
  Orcish Mines |   3073 |   3061 |     12 |   1794 |    276 |   2 | 1536.5 |
         Sewer |   1201 |   1201 |      0 |    833 |     45 |   1 | 1201.0 |
       Ossuary |    259 |    259 |      0 |    102 |      0 |   1 |  259.0 |
               +--------+--------+--------+--------+--------+-----+--------+

Top non-repeatable levels by time:
     D:8: 2773 daAuts
   Orc:1: 1991 daAuts
     D:7: 1948 daAuts
     D:5: 1910 daAuts
     D:9: 1876 daAuts
     D:6: 1867 daAuts
    D:10: 1459 daAuts
   Sewer: 1201 daAuts
     D:2: 1097 daAuts
   Orc:2: 1081 daAuts
     D:3: 903 daAuts
     D:4: 764 daAuts
     D:1: 505 daAuts
 Ossuary: 259 daAuts
    D:11: 136 daAuts
